 Dungeon Crawl Stone Soup version 0.32-a0-131-g9dbbe29261 (webtiles) character file.

Game seed: 13335875036944051637

98 Flugkiller the Trooper (level 4, -1/37 HPs)
             Began as a Mummy Wanderer on Feb 8, 2024.
             Slain by a gnoll
             ... wielding a +0 flail
             ... led by a gnoll bouda
              (7 damage)
             ... on level 4 of the Dungeon.
             The game lasted 00:03:35 (2364 turns).

Flugkiller the Trooper (Mummy Wanderer)             Turns: 2364, Time: 00:03:36

Health: -1/37      AC: 11    Str: 18    XL:     4   Next: 43%
Magic:  6/6        EV:  7    Int:  8    God:
Gold:   121        SH:  0    Dex: 13    Spells: 5/5 levels left

rFire   x . .        o - +2 mace (protect)
rCold   + . .        (no shield)
rNeg    + + +        c - +0 chain mail
rPois   ∞            l - +1 helmet
rElec   .            (no cloak)
rCorr   .            (no gloves)
SInv    .            m - +0 pair of boots
Will    .....        (no amulet) Stlth
                     (no ring)
HPRegen 0.26/turn    (no ring)
MPRegen 0.10/turn

%: faith
@: no status effects
A: cold resistance 1, negative energy resistance 3, torment resistance 2, heat
vulnerability 1, in touch with death 1, no potions, faith
a: no special abilities


You were on level 4 of the Dungeon.
You visited 1 branch of the dungeon, and saw 4 of its levels.

You collected 121 gold pieces.

Inventory:

Hand Weapons
 a - a +3 mace
 g - a +2 short sword of protection
   (You took it off a kobold on level 1 of the Dungeon)
 o - a +2 mace of protection (weapon)
   (You took it off an orc on level 3 of the Dungeon)
Armour
 c - a +0 chain mail (worn)
   (You found it on level 1 of the Dungeon)
 d - a +0 leather armour
 l - a +1 helmet (worn)
   (You found it on level 2 of the Dungeon)
 m - a +0 pair of boots (worn)
   (You found it on level 3 of the Dungeon)
Magical Staves
 j - a staff of cold
   (You found it on level 2 of the Dungeon)
Scrolls
 f - a scroll of brand weapon {unknown}
 h - a scroll of immolation {unknown}
 i - a scroll of poison
 k - a scroll of fear {unknown}
 n - a scroll of amnesia {unknown}
 t - 2 scrolls of teleportation


   Skills:
 + Level 4.0 Fighting
 - Level 1.5 Long Blades
 + Level 3.8 Maces & Flails
 + Level 0.0 Armour
 - Level 2.0 Stealth
 - Level 1.3 Spellcasting


You had 5 spell levels left.
You didn't know any spells.
Your spell library was empty.

Dungeon Overview and Level Annotations

Branches:
Dungeon (4/15) Zot: 21602
 Temple: D:4-7

Altars:


Innate Abilities, Weirdness & Mutations

You are immune to poison.
Your flesh is cold resistant. (rC+)
You are immune to negative energy. (rN+++)
You are immune to unholy pain and torment.
You are vulnerable to heat. (rF-)
You are in touch with the powers of death.
You do not drink.
You have a special connection with the divine. (Faith)


Message History

The air fills with toxic fumes!
As you read the scroll labelled ZUIM UXYTAGH, it crumbles to dust.
It was a scroll of poison.
Unknown command.
Autopickup disabled for scrolls of noise.
You drop a scroll of noise.
Nothing quivered!
Okay, then.
You start removing your armour.
You continue taking off your +0 leather armour. x4
You finish taking off your +0 leather armour.
You start putting on your armour.
You continue putting on your +0 chain mail. x5
You finish putting on your +0 chain mail.
Search for what [Enter for "."]? armor Unknown command.
Done exploring.
There is a stone staircase leading down here.
You climb downwards.
There is a stone staircase leading up here.
Found a stone staircase leading down.
A bombardier beetle comes into view.
Found a coppery potion.
Unknown command.
A kobold comes into view. It is wielding a +0 club.
Found a scroll of poison.
The kobold shouts!
Unknown command.
You hit the kobold.
Your weapon exudes an aura of protection.
You kill the kobold!
No target in view!
No target in view!
i - 2 scrolls of poison (gained 1)
An endoplasm comes into view.
The endoplasm freezes you.
You are frozen.
You resist.
You hit the endoplasm.
Your weapon exudes an aura of protection.
The endoplasm is severely wounded.
The endoplasm barely misses you.
You sock the endoplasm!
You kill the endoplasm!
You open the large door.
There is a large open door here.
A ball python comes into view.
The ball python hisses angrily.
You closely miss the ball python.
The ball python bites you but does no damage.
The ball python barely misses you.
You hit the ball python.
Your weapon exudes an aura of protection.
You kill the ball python!
You see here a ball python corpse.
No target in view!
Found a leather armour.
A gnoll comes into view. It is wielding a +0 flail.
The gnoll shouts!
You hear a shout! x2; You hear an angry hiss.
A gnoll bouda comes into view. It is wielding a +0 club.
You barely miss the gnoll. The gnoll barely misses you.
The gnoll hits you with a +0 flail.
You closely miss the gnoll. You punch the gnoll, but do no damage.
The gnoll bouda gazes fiercely through you!
You feel your attacks grow feeble. The gnoll hits you with a +0 flail.
You barely miss the gnoll.
The gnoll bouda barks out a call to the hunt!
The gnoll picks up the pace!
The gnoll barely misses you.
You hear a shout!
You barely miss the gnoll.
You hear a shout!
The gnoll hits you with a +0 flail.
The gnoll bouda barks out a call to the hunt!
You hit the gnoll.
Your weapon exudes an aura of protection.
The gnoll is moderately wounded.
The gnoll hits you with a +0 flail!
You are too injured to fight recklessly!
You sock the gnoll!
The gnoll is almost dead.
The gnoll hits you with a +0 flail. The gnoll hits you but does no damage.
You closely miss the gnoll.
The gnoll is almost dead.
The gnoll hits you with a +0 flail.
Unknown command.
You closely miss the gnoll.
The gnoll is almost dead.
The gnoll hits you with a +0 flail!
* * * LOW HITPOINT WARNING * * *
Unknown command.
You barely miss the gnoll.
The gnoll is almost dead.
Your attacks no longer feel as feeble.
The gnoll barely misses you.
Unknown command.
The air fills with toxic fumes!
As you read the scroll of poison, it crumbles to dust.
The gnoll hits you with a +0 flail!
You die...

.................# #.#
...............§§# #.#
...............§§# #.#
............!###§# #.#
..†....g.....# #§# #.#
.............# #§# #.#
.g.......)...# #§# #.#
.............# #§# #.#
######.......# #@####.#
≈§§§§#.......###g#....#
#..#≈#.........§g#.####
.....'......######.#
§....'......# #.#
#..#≈#......# #.#
§§≈≈§#......######.#
######...........#.#
........#........#.#


You could see a gnoll bouda and a gnoll (swift).

Vanquished Creatures
  2 adders
  A dart slug (D:1)
  A ribbon worm (D:3)
  2 orcs (D:3)
  7 ball pythons
  11 bats
  7 endoplasms
  A giant cockroach (D:2)
  9 goblins
  4 hobgoblins (D:3)
  8 jackals
  3 frilled lizards
  4 kobolds
  5 rats
65 creatures vanquished.

Notes
Turn   | Place    | Note
-------+----------+-------------------------------------------
     0 | D:1      | Flugkiller the Mummy Wanderer began the quest for the Orb.
     0 | D:1      | Flugkiller set off with the following items: a +3 mace, a
                  | +0 falchion, a +0 leather armour, a scroll of
                  | teleportation.
     0 | D:1      | Reached XP level 1. HP: 19/19 MP: 2/2
    97 | D:1      | Reached skill level 1 in Stealth
   130 | D:1      | Reached XP level 2. HP: 25/25 MP: 4/4
   596 | D:2      | Reached XP level 3. HP: 30/30 MP: 5/5
  1675 | D:3      | Reached XP level 4. HP: 36/37 MP: 6/6
  2364 | D:4      | Slain by a gnoll

Illustrated notes

Levels and vault maps discovered:
D:1:      arrival_zaba_pyramid, layout_basic
D:2:      layout_basic, kennysheep_generic_room_14
D:3:      layout_rooms, nicolae_overflow_hidden_temple, chequers_garden,
          minmay_goblin_outpost
D:4:      layout_basic, regret_index_xom_buried_treasure,
          kennysheep_generic_room_15

Skill      XL: |  1  2  3 |
---------------+----------+-----
Stealth        | 1 2 |  2.0
Maces & Flails | 3 |  3.8
Fighting       | |  4.0
Long Blades    | |  1.5
Spellcasting   | |  1.3

Action                     |  1- 3 |  4- 6 || total
---------------------------+-------+-------++-------
  Melee: Mace              |    85 |    57 ||   142
         Punch             |       |     2 ||     2
    Use: Scroll            |       |     3 ||     3
   Stab: Sleeping          |     2 |     1 ||     3
 Armour: Leather armour    |    45 |    31 ||    76
         Chain mail        |       |    10 ||    10
  Dodge: Dodged            |    48 |    36 ||    84

Table legend: (Time is in decaauts)
 A = Elapsed time spent in this place.
 B = Non-inter-level travel time spent in this place.
 C = Inter-level travel time spent in this place.
 D = Time resting spent in this place.
 E = Time spent auto-exploring this place.
 F = Levels seen in this place.
 G = Mean time per level.
                   A        B        C        D        E       F      G
               +--------+--------+--------+--------+--------+-----+--------+
         Total |   2396 |   2255 |    141 |      0 |   1627 |   4 |  599.0 |
       Dungeon |   2396 |   2255 |    141 |      0 |   1627 |   4 |  599.0 |
               +--------+--------+--------+--------+--------+-----+--------+

Top non-repeatable levels by time:
     D:2: 983 daAuts
     D:3: 591 daAuts
     D:1: 543 daAuts
     D:4: 278 daAuts
